 Dungeon Crawl Stone Soup version 0.20.1-1-g8b1a95d (webtiles) character file.

641 pstr the Conjurer (level 7, 0/36 HPs)
             Began as a Kobold Conjurer on Nov 26, 2017.
             Killed from afar by pstr's ghost (7 damage)
             ... with a magic dart
             ... on level 4 of the Dungeon.
             The game lasted 00:11:31 (4501 turns).

pstr the Conjurer (Kobold Conjurer)                 Turns: 4501, Time: 00:11:32

Health: 0/36       AC:  8    Str:  2 (5)  XL:     7   Next: 81%
Magic:  1/14       EV: 16    Int: 16 (19) God:
Gold:   151        SH:  0    Dex: 14 (15) Spells: 11/16 levels left

rFire    + . .     SeeInvis .   u - +2 dagger (drain)
rCold    + . .     Gourm    .   (shield restricted)
rNeg     + . .     Faith    .   k - +2 robe {rC+ rF+}
rPois    .         Spirit   .   (no helmet)
rElec    .         Reflect  .   B - +0 cloak
rCorr    .         Harm     .   r - +0 pair of gloves
MR       .....                  z - +1 pair of boots
Stlth    +++.......             (no amulet)
Regen    0.2/turn               h - ring of positive energy
MPRegen  0.2/turn               (no ring)

@: no status effects
A: carnivore 3
a: no special abilities


You were on level 4 of the Dungeon.
You were very full.

You visited 1 branch of the dungeon, and saw 4 of its levels.

You collected 196 gold pieces.
You spent 45 gold pieces at shops.

Inventory:

Hand Weapons
 u - a +2 dagger of draining (weapon)
Missiles
 e - 186 stones (quivered)
 v - 25 arrows
Armour
 a - a +0 robe
 i - a +0 ring mail
 k - a +2 robe of resistance (worn)
 r - a +0 pair of gloves (worn)
 s - a cursed +0 robe
 z - a +1 pair of boots (worn)
 B - a +0 cloak (worn)
Jewellery
 h - a ring of positive energy (left hand)
 x - an uncursed ring of protection from cold {unknown}
Wands
 l - a wand of scattershot (3/9)
Scrolls
 f - a scroll of fog {unknown}
 j - a scroll of identify
 n - a scroll of recharging {unknown}
 t - a scroll of enchant armour {unknown}
 y - a scroll of amnesia {unknown}
Potions
 g - 2 potions of curing
 m - a potion of heal wounds
 o - a potion of lignification
 p - a potion of agility
 w - 2 potions of flight
Books
 b - a book of Conjurations

   Spells                             Type                      Level
   a - Magic Dart                     Conjuration                  1
   b - Searing Ray                    Conjuration                  2
   c - Dazzling Spray                 Conjuration/Hexes            3
   d - Fulminant Prism                Conjuration/Hexes            4
   e - Force Lance                    Conjuration/Translocation    4
   f - Iskenderun's Mystic Blast      Conjuration                  4
 q - Jessica's Compendium of Translocation
   (You found it on level 2 of the Dungeon)

   Spells                             Type                      Level
   a - Blink                          Translocation                2
Comestibles
 c - 2 meat rations


   Skills:
 + Level 0.2 Fighting
 + Level 3.2 Dodging
 + Level 3.8 Stealth
 + Level 5.1 Spellcasting
 + Level 7.0 Conjurations


You had 11 spell levels left.
You knew the following spells:

 Your Spells              Type           Power        Failure   Level  Hunger
a - Magic Dart            Conj           ####         1%          1    None
b - Searing Ray           Conj           ####..       1%          2    #......
c - Blink                 Tloc           N/A          22%         2    #......


Dungeon Overview and Level Annotations

Branches:
Dungeon (4/15)
 Temple: D:4-7

Altars:

Shops:
D:4 [

Annotations:
D:4 pstr's ghost, novice KoCj


Innate Abilities, Weirdness & Mutations

You are small and have problems with some larger weapons.
You are carnivorous and can eat meat at any time.


Message History

The magic dart hits you!
* * * LOW HITPOINT WARNING * * *
There is a stone staircase leading up here.
Casting: Searing Ray
Confirm with . or Enter, or press ? or * to list all spells.
Aiming: Searing Ray
Press: ? - help, Shift-Dir - straight line, f/p - pstr's ghost
Aim: pstr's ghost (heavily damaged)
The searing ray hits pstr's ghost.
Pstr's ghost is heavily damaged. (Press . to maintain the ray.) Pstr's ghost casts a spell at you.
The magic dart hits you!
* * * LOW HITPOINT WARNING * * *
The searing ray hits pstr's ghost.
Pstr's ghost is heavily damaged.
You feel a little less agile now.
Pstr's ghost gestures at you while chanting.
The magic dart hits you!
You die...

##..# #.# # #...#
#.# # #...## ##.# ##
##...# ##..# #.
#...#####W..# ##.
##..^.#....## ###..
#.........# ##....
##.......## ##.....
#..@...## ##.....#
##......## ##.....##
##........#
##.....##
#.........###....###
##..####.........##
##..## ##.......##
##..## ##......#
##..## ##....##
###..## ###### #


You could see pstr's ghost.

Vanquished Creatures
  Sigmund (D:2)
  The ghost of pstr the Conjurer, an amateur KoCj (D:3)
  An ogre (D:4)
  A scorpion (D:4)
  An orc priest (D:3)
  Jessica (D:2)
  A worker ant (D:4)
  5 adders
  An ooze (D:1)
  An adder skeleton (D:4)
  2 worms (D:2)
  3 dart slugs
  A leopard gecko (D:3)
  11 orcs
  6 bats
  10 giant cockroaches
  6 goblins
  11 hobgoblins
  2 jackals (D:3)
  7 kobolds
  2 quokkas (D:2)
  A ball python (D:2)
  6 frilled lizards
  A jackal skeleton (D:4)
  A leopard gecko skeleton (D:4)
  12 rats
96 creatures vanquished.

Notes
Turn   | Place    | Note
-------+----------+-------------------------------------------
     0 | D:1      | pstr the Kobold Conjurer began the quest for the Orb.
     0 | D:1      | Reached XP level 1. HP: 10/10 MP: 3/3
   125 | D:1      | Reached XP level 2. HP: 13/15 MP: 0/5
   129 | D:1      | Learned a level 2 spell: Searing Ray
   492 | D:1      | Reached XP level 3. HP: 19/19 MP: 1/6
  1473 | D:2      | Reached skill level 5 in Conjurations
  1473 | D:2      | Reached XP level 4. HP: 24/24 MP: 1/7
  1683 | D:2      | Noticed Sigmund
  1714 | D:2      | Killed Sigmund
  1714 | D:2      | Reached XP level 5. HP: 4/28 MP: 2/10
  1714 | D:2      | Reached XP level 6. HP: 5/32 MP: 2/11
  2127 | D:2      | Noticed Jessica
  2133 | D:2      | Killed Jessica
  2133 | D:2      | Reached skill level 6 in Conjurations
  2143 | D:2      | Identified Jessica's Compendium of Translocation
  2188 | D:2      | Learned a level 2 spell: Blink
  2743 | D:3      | Noticed pstr's ghost (amateur KoCj)
  2765 | D:3      | Killed pstr's ghost
  2765 | D:3      | Reached XP level 7. HP: 14/36 MP: 0/13
  3902 | D:4      | Reached skill level 5 in Spellcasting
  4240 | D:4      | Reached skill level 7 in Conjurations
  4294 | D:4      | Found Zerhoix's Armour Emporium.
  4297 | D:4      | Bought a +0 cloak for 45 gold pieces
  4421 | D:4      | Noticed pstr's ghost (novice KoCj)
  4501 | D:4      | Killed from afar by pstr's ghost

Skill      XL: |  1  2  3  4  5  6  7 |
---------------+----------------------+-----
Stealth        | 3 |  3.8
Conjurations   | 5 6 7 |  7.0
Spellcasting   | 3 4 5 |  5.1
Dodging        | 3 |  3.2
Fighting       | |  0.2

Action                   |  1- 3 |  4- 6 |  7- 9 || total
-------------------------+-------+-------+-------++-------
Melee: Unarmed           |     3 |     4 |       ||     7
       Dagger            |       |       |    36 ||    36
 Cast: Magic Dart        |    70 |    33 |    48 ||   151
       Searing Ray       |     6 |    10 |    21 ||    37
  Use: Potion            |       |     2 |     8 ||    10
       Scroll            |       |     1 |       ||     1
  Eat: Chunk             |     4 |    11 |     5 ||    20
Armor: Robe              |     4 |     1 |    14 ||    19
       Skin              |       |       |    32 ||    32
Dodge: Dodged            |    18 |    16 |    20 ||    54
